 Seeded DCSS version 0.28.0-45-g0d030f2227 (webtiles) character file.

Game seed: 9376642942419055868 (custom seed)

46 thiscave3701365 the Chopper (level 3, -1/34 HPs)
             Began as a Hill Orc Berserker on Apr 13, 2022.
             Was a Follower of Trog.
             Slain by a gnoll
             ... wielding a +0 whip
              (6 damage)
             ... on level 2 of the Dungeon.
             The game lasted 00:01:04 (1233 turns).

thiscave3701365 the Chopper (Hill Orc Berserker)    Turns: 1233, Time: 00:01:04

Health: -1/34      AC:  2    Str: 21    XL:     3   Next: 66%
Magic:  3/3        EV: 12    Int:  7    God:    Trog [*.....]
Gold:   52         SH:  0    Dex: 10    Spells: 2/2 levels left

rFire   . . .      SeeInvis .   e - +3 hand axe
rCold   . . .      Faith    .   (no shield)
rNeg    . . .      Spirit   .   b - +0 animal skin
rPois   .          Reflect  .   (no helmet)
rElec   .          Harm     .   (no cloak)
rCorr   .          Rampage  .   (no gloves)
Will    .....                   (no boots)
Stlth   +.........              (no amulet)
HPRegen 0.11/turn               (no ring)
MPRegen 0.08/turn               (no ring)

@: on berserk cooldown, slowed, very slow
A: no striking features
a: Renounce Religion, Berserk


You were on level 2 of the Dungeon.
You worshipped Trog.
Trog was aware of your devotion.
You visited 1 branch of the dungeon, and saw 2 of its levels.

You collected 52 gold pieces.

Inventory:

Hand Weapons
 a - a +0 hand axe
 e - a +3 hand axe (weapon)
Armour
 b - a +0 animal skin (worn)
Jewellery
 f - a ring of magical power
Scrolls
 d - a scroll of torment {unknown}
Potions
 c - a potion of lignification {unknown}


   Skills:
 + Level 4.3 Fighting
 + Level 4.9 Axes
 + Level 2.5 Armour
 + Level 1.8 Dodging
 + Level 0.2 Stealth


You had 2 spell levels left.
You didn't know any spells.
Your spell library was empty.

Dungeon Overview and Level Annotations

Branches:
Dungeon (2/15)

Altars:


Message History

You are too injured to fight recklessly!
You are too injured to fight recklessly!
Unknown command.
A goblin comes into view. It is wielding a +0 club.
The goblin shouts!
A gnoll comes into view. It is wielding a +0 whip.
Found a faded altar of an unknown god.
You feel a strong urge to attack something.
The gnoll shouts!
The goblin shoots a stone.
The stone hits you.
The goblin unwields a +0 hunting sling.
The goblin wields a +0 dagger.
The goblin barely misses you.
You slash the goblin!
You kill the goblin!
Trog accepts your kill.
A hobgoblin comes into view.
The goblin hits you with a +0 club.
You hit the goblin.
You kill the goblin!
Trog accepts your kill.
You are no longer berserk.
You are exhausted.
You feel yourself slow down.
A jackal comes into view.
Things that are here:
a +0 dagger; a +0 hunting sling; 19 stones The jackal barks!
You hit the gnoll.
The gnoll is lightly wounded.
The gnoll hits you with a +0 whip.
* * * LOW HITPOINT WARNING * * *
A goblin comes into view. It is wielding a +0 club.
The gnoll hits you with a +0 whip.
* * * LOW HITPOINT WARNING * * *
The goblin shouts!
You hit the gnoll.
The gnoll is heavily wounded.
You hear a shout!
The gnoll hits you with a +0 whip.
You die...

.# . .# .. ######.#
...###......######
.................#.#
......g..)..#!##.#.#
#.h..g@...........#
#
#.................#
###
.....^.^.........!..
...
.####^_^#>.)...###.#
# #^.^#.†....# #.# #
#..##......# #.# #
##.........###.#####
####...............
####..####.#####


You could see a gnoll, a jackal and a hobgoblin.

Vanquished Creatures
  2 adders (D:2)
  A worm (D:2)
  5 bats (D:1)
  2 endoplasms (D:1)
  3 giant cockroaches
  3 goblins (D:2)
  A hobgoblin (D:2)
  A quokka (D:2)
  5 ball pythons
  A kobold (D:1)
  A rat (D:1)
25 creatures vanquished.

Notes
Turn   | Place    | Note
-------+----------+-------------------------------------------
     0 | D:1      | thiscave3701365 the Hill Orc Berserker began the quest for
                  | the Orb.
     0 | D:1      | Reached XP level 1. HP: 19/19 MP: 1/1
   402 | D:1      | Reached XP level 2. HP: 24/27 MP: 2/2
   837 | D:2      | Reached XP level 3. HP: 23/33 MP: 3/3
  1226 | D:2      | Found a faded altar of an unknown god.
  1233 | D:2      | Slain by a gnoll

Illustrated notes

Levels and vault maps discovered:
D:1:      lightli_arrival_windingriver, layout_basic
D:2:      layout_basic, ebering_ecumenical_altar_webs, minmay_tetromino_t2,
          uniq_robin

Skill      XL: |  1  2 |
---------------+-------+-----
Fighting       | 4 |  4.3
Axes           | |  4.9
Armour         | |  2.5
Dodging        | |  1.8
Stealth        | |  0.2

Action                   || total
-------------------------++-------
Melee: Hand axe          ||    77
       Punch             ||     1
Invok: Berserk           ||     1
 Stab: Sleeping          ||     2
Armor: Animal skin       ||    14
Dodge: Dodged            ||    57
